Map: Abyssal Reef LE

Players

ViBE

  • Race: Zerg Zerg
  • League: Grandmaster
  • Spawn Location: 11:00

puCKKachu - Winner!

  • Race: Terran Terran
  • League: Grandmaster
  • Spawn Location: 5:00

VOD

Have the link to the VOD?

Description

Time

  • Played on: Dec. 2, 2017, 2:09 a.m.
  • Length: 5:55
Show
View Real Time Build Order
Export as new Build Order

ViBE Zerg 

Build Orders: Hatch First 

Get SALT Encoding   

  12  0:00  Drone  
  13  0:13  Overlord  
  13  0:19  Drone  
  14  0:32  Drone x2  
  16  0:37  Drone  
  17  0:53  Drone  
  18  0:58  Hatchery  
  18  1:01  Drone  
  18  1:13  Spawning Pool  
  18  1:17  Drone  
  18  1:21  Drone  
  19  1:41  Hatchery  
  19  1:46  Drone  
  19  1:47  Drone  
  20  2:00  Queen  
  22  2:12  Queen  
  22  2:13  Zergling x4  
  26  2:16  Overlord  
  26  2:21  Drone x2  
  28  2:27  Spore Crawler  
  26  2:37  Extractor  
  26  2:42  Drone  
  26  2:43  Drone x3  
  31  2:46  Queen  
  33  3:03  Queen x2  
  37  3:08  Drone  
  37  3:09  Drone x3  
  41  3:16  Overlord  
  41  3:19  Overlord  
  41  3:23  Overlord  
  41  3:37  Drone  
  42  3:42  Drone  
  42  3:43  Queen, Drone x6  
  51  3:53  Roach Warren  
  50  3:56  Evolution Chamber, Extractor  
  50  3:57  Drone x3, Extractor  
  50  4:19  Drone x4  
  50  4:20  Drone x4  
  58  4:40  Overlord x2  
  58  4:44  Extractor x2  
  58  4:45  Lair  
  56  4:48  Queen  
  58  4:54  Overlord x3  
  58  4:57  Queen  
  60  5:01  Roach x3  
  60  5:06  Roach  
  66  5:12  Roach  
  58  5:24  Roach x3  
  64  5:31  Zergling x2  
  64  5:32  Zergling x8  
Show
View Real Time Build Order
Export as new Build Order

puCKKachu Terran - Winner!

Build Orders: Reaper Expand 

Get SALT Encoding   

  12  0:00  SCV  
  13  0:13  SCV  
  14  0:17  Supply Depot  
  14  0:25  SCV  
  15  0:38  SCV  
  15  0:40  Barracks  
  16  0:44  Refinery  
  16  0:50  SCV  
  17  1:03  SCV  
  18  1:15  SCV  
  19  1:27  Orbital Command  
  19  1:29  Reaper  
  20  1:42  Command Center  
  20  1:52  Barracks  
  20  1:55  SCV  
  21  2:02  Refinery  
  21  2:03  Barracks Reactor  
  21  2:07  SCV  
  22  2:13  Supply Depot  
  22  2:19  SCV  
  23  2:32  Factory  
  23  2:39  Marine x2, Barracks Tech Lab  
  23  2:41  SCV  
  25  2:53  SCV  
  25  2:54  Orbital Command  
  25  2:58  Stimpack  
  26  3:05  Marine x3  
  29  3:07  SCV  
  30  3:16  Starport  
  30  3:20  SCV  
  30  3:21  SCV  
  30  3:22  Factory Reactor  
  32  3:29  Marine x3  
  32  3:34  SCV x2  
  37  3:41  Supply Depot  
  37  3:46  SCV x2  
  37  3:47  Marine x3  
  42  3:55  Supply Depot  
  42  3:58  SCV x2  
  42  4:02  Medivac x2  
  48  4:04  Widow Mine  
  50  4:11  Marine x3  
  50  4:14  SCV  
  54  4:17  SCV  
  54  4:21  Supply Depot  
  55  4:31  Command Center  
  55  4:37  SCV  
  55  4:38  SCV  
  57  4:39  Marine x3  
  57  4:44  Supply Depot  
  60  4:45  Medivac  
  60  4:46  Widow Mine  
  60  4:51  SCV x2  
  66  4:58  Marine x3  
  69  5:12  SCV x2  
  71  5:18  Marine x3  
  71  5:21  Factory Tech Lab  
  74  5:23  Barracks  
  74  5:25  Engineering Bay  
  74  5:26  Refinery  
  74  5:27  Refinery  
  74  5:28  Starport Reactor  
  74  5:30  SCV  
  74  5:31  SCV  
  75  5:35  Engineering Bay  
  75  5:50  Supply Depot  
Tags
 
Add a new tag
Caveats
  • Supply blocks, unpowered buildings, or Contaminate may cause inaccurate times.
  • Supply counts are checked every 10 seconds.